 Dungeon Crawl Stone Soup version 0.26-b1-45-g23770d1d51 (webtiles) character file.

Game seed: 1927070923863489088

268 raceaflais the Chopper (level 6, -1/56 HPs)
             Began as a Minotaur Berserker on Jan 6, 2021.
             Was a Follower of Trog.
             Killed by divine providence
             ... invoked by an orc priest
              (14 damage)
             ... on level 4 of the Dungeon.
             The game lasted 00:05:29 (3366 turns).

raceaflais the Chopper (Minotaur Berserker)         Turns: 3366, Time: 00:05:30

Health: -1/56      AC:  6    Str: 23    XL:     6   Next: 0%
Magic:  5/5        EV:  9    Int:  4    God:    Trog [*.....]
Gold:   82         SH: 12    Dex: 10    Spells: 5/5 levels left

rFire    . . .     SeeInvis .   a - +0 hand axe
rCold    + . .     Faith    .   m - +0 kite shield
rNeg     . . .     Spirit   .   l - +0 ring mail
rPois    .         Reflect  +   (helmet restricted)
rElec    .         Harm     .   h - +0 cloak
rCorr    .         Rampage  .   (no gloves)
Will     .....                  (no boots)
Stlth    +.........             e - amulet of reflection
HPRegen  0.18/turn              f - ring of protection from cold
MPRegen  0.09/turn              (no ring)

@: berserk cooldown, flying, slowed, very slow
A: retaliatory headbutt, horns 2
a: Renounce Religion, Berserk


You were on level 4 of the Dungeon.
You worshipped Trog.
Trog was aware of your devotion.
You visited 1 branch of the dungeon, and saw 4 of its levels.

You collected 82 gold pieces.

Inventory:

Hand Weapons
 a - a +0 hand axe (weapon)
Missiles
 c - 21 poisoned darts
 g - 30 arrows
Armour
 b - a +0 animal skin
 h - a +0 cloak (worn)
 l - a +0 ring mail (worn)
 m - a +0 kite shield (worn)
Magical Staves
 n - an uncursed staff of fire {unknown}
Jewellery
 e - an amulet of reflection (around neck)
 f - a ring of protection from cold (left hand)
 p - an uncursed amulet of faith {unknown}
Wands
 q - a wand of paralysis (8)
Scrolls
 j - a scroll of teleportation
 o - a scroll of remove curse {unknown}
Potions
 d - a potion of flight
 i - a potion of lignification {unknown}
 k - a potion of might {unknown}
 r - a potion of heal wounds {unknown}


   Skills:
 + Level 5.4 Fighting
 + Level 5.6 Axes
 + Level 3.4 Armour
 + Level 3.2 Dodging
 + Level 0.7 Stealth
 + Level 0.4 Shields


You had 5 spell levels left.
You didn't know any spells.
Your spell library was empty.

Dungeon Overview and Level Annotations

Branches:
Dungeon (4/15)
 Temple: D:4-7

Altars:
Hepliaklqana
Qazlal
Yredelemnul

Annotations:
D:4 1 transporter


Innate Abilities, Weirdness & Mutations

You reflexively headbutt those who attack you in melee.
You have a pair of horns on your head.


Message History

You barely resist. You open the door.
The orc priest looks satisfied for a moment.
The shadow imp gestures at you.
You barely resist.
The shadow imp disappears for a moment.
The shadow imp gestures at you. Pain shoots through your body!
* * * LOW HITPOINT WARNING * * *
There is an open door here.
It was a potion of flight.
You feel very buoyant.
You fly up into the air.
The shadow imp grinds its teeth.
The shadow imp laughs crazily.
You see here a fuming ruby potion.
r - a fuming ruby potion The orc priest mumbles some strange prayers to Beogh against you.
Beogh smites you!
You die...

##########.#.
............ #.
..........#.#####
#.####...#...........##
#......©...............
#..#########...#.......
#..#8P@©$P8#.#.........
#..#≈.....≈#...........
>...####'####..######...
###.#o≈...≈5#..#########
#.#5≈...≈5#.........##
#.#.≈≈P≈≈o#..######.##
#?#.≈≈♣≈≈.#..#........
#.#.≈≈≈≈≈.#..#........
#.#.≈...≈.#...........


You could see 2 orc priests and 3 shadow imps.

Vanquished Creatures
  A scorpion (D:4)
  A hound (D:4)
  Terence (D:2)
  A worker ant (D:4)
  3 gnolls (D:2)
  9 adders
  2 oozes
  A worm (D:2)
  5 bats
  A giant cockroach (D:2)
  2 hobgoblins
  2 jackals (D:4)
  A quokka (D:2)
  A frilled lizard (D:2)
  A jackal skeleton (D:4)
  3 kobolds (D:2)
  3 rats (D:2)
38 creatures vanquished.

Vanquished Creatures (others)
  3 plants (D:4)
3 creatures vanquished.

Grand Total: 41 creatures vanquished

Notes
Turn   | Place    | Note
-------+----------+-------------------------------------------
     0 | D:1      | raceaflais the Minotaur Berserker began the quest for the
                  | Orb.
     0 | D:1      | Reached XP level 1. HP: 19/19 MP: 0/0
   113 | D:1      | You fall into a shaft and drop 1 floor!
   113 | D:2      | Found a stormy altar of Qazlal.
   119 | D:2      | Reached XP level 2. HP: 18/27 MP: 1/1
   122 | D:2      | Reached XP level 3. HP: 20/33 MP: 2/2
   779 | D:2      | Reached XP level 4. HP: 38/41 MP: 3/3
  1834 | D:2      | Found a hazy altar of Hepliaklqana.
  1903 | D:2      | Noticed Terence
  1910 | D:2      | Killed Terence
  1911 | D:2      | Reached skill level 5 in Fighting
  1911 | D:2      | Reached skill level 5 in Axes
  2807 | D:3      | Found a basalt altar of Yredelemnul.
  2884 | D:3      | Reached XP level 5. HP: 48/48 MP: 4/4
  3314 | D:4      | Reached XP level 6. HP: 56/56 MP: 5/5
  3330 | D:4      | Found a transporter.
  3353 | D:4      | Found a transporter.
  3366 | D:4      | Killed from afar by an orc priest

Illustrated notes

Levels and vault maps discovered:
D:1:      dpeg_arrival_chambers_temple_mockup, layout_rooms
D:2:      layout_loops_ring, nzn_hepliaklqana_mist_gate, lemuel_round_altar,
          uniq_terence
D:3:      layout_loops_ring, yredelemnul_altar_generic
D:4:      gammafunk_wand_slinger, layout_basic, minmay_temple_entry_wispy,
          gammafunk_ghost_gnarly_gnolls

Skill      XL: |  1  2  3  4  5 |
---------------+----------------+-----
Fighting       | 4 5 |  5.4
Axes           | 4 5 |  5.6
Armour         | 3 |  3.4
Dodging        | 3 |  3.2
Stealth        | |  0.7
Shields        | |  0.4

Action                   |  1- 3 |  4- 6 || total
-------------------------+-------+-------++-------
Melee: Hand axe          |    39 |    54 ||    93
       Headbutt          |     8 |    14 ||    22
Invok: Berserk           |     1 |     2 ||     3
  Use: Scroll            |     3 |     2 ||     5
       Potion            |       |     1 ||     1
Armor: Animal skin       |     9 |     4 ||    13
       Ring mail         |       |     9 ||     9
Dodge: Dodged            |    34 |    14 ||    48
Block: Kite shield       |       |    15 ||    15
